 Dungeon Crawl Stone Soup version 0.28-a0-667-g162e43154e (webtiles) character file.

Game seed: 963391872768756423

94 BlueGoblin the Ducker (level 4, 0/35 HPs)
             Began as a Human Monk on Oct 17, 2021.
             Slain by an orc (1 damage)
             ... on level 3 of the Dungeon.
             The game lasted 00:04:09 (2922 turns).

BlueGoblin the Ducker (Human Monk)                  Turns: 2922, Time: 00:04:09

Health: 0/35       AC: 10    Str: 12    XL:     4   Next: 94%
Magic:  4/4        EV: 10    Int: 10    God:
Gold:   116        SH:  0    Dex: 16    Spells: 3/3 levels left

rFire   . . .      SeeInvis .   q - +0 club (spect)
rCold   . . .      Faith    .   (no shield)
rNeg    . . .      Spirit   .   n - +0 chain mail
rPois   .          Reflect  .   (no helmet)
rElec   .          Harm     .   h - +0 cloak
rCorr   .          Rampage  .   c - +0 pair of gloves
Will    .....                   (no boots)
Stlth   ..........              (no amulet)
HPRegen 0.11/turn               d - +4 ring of evasion
MPRegen 0.09/turn               (no ring)

@: no status effects
A: no striking features
a: no special abilities


You were on level 3 of the Dungeon.
You visited 1 branch of the dungeon, and saw 3 of its levels.

You collected 116 gold pieces.

Inventory:

Hand Weapons
 a - a +0 falchion
 p - a +4 dagger of venom
 q - a +0 spectral club (weapon)
Armour
 b - a +0 robe
 c - a +0 pair of gloves (worn)
 h - a +0 cloak (worn)
 n - a +0 chain mail (worn)
Jewellery
 d - a +4 ring of evasion (left hand)
 g - a ring of magical power
Scrolls
 i - 3 scrolls of fog
 k - 2 scrolls of identify
 o - a scroll of amnesia
 r - a scroll of teleportation {unknown}
Potions
 e - a potion of degeneration
 f - a potion of lignification {unknown}
 j - 2 potions of attraction {unknown}
 l - a potion of ambrosia {unknown}
 m - a potion of curing {unknown}


   Skills:
 - Level 3.0 Fighting
 - Level 3.0 Long Blades
 + Level 0.7 Armour
 * Level 5.1 Dodging
 - Level 2.0 Stealth


You had 3 spell levels left.
You didn't know any spells.
Your spell library was empty.

Dungeon Overview and Level Annotations

Branches:
Dungeon (3/15)

Altars:
Nemelex Xobeh


Message History

The orc barely misses you. x3
You see here a rat corpse.
You are too injured to fight recklessly!
You are too injured to fight recklessly!
You are too injured to fight recklessly!
You are too injured to fight recklessly!
You hit the orc but do no damage.
Your +0 spectral club barely misses the orc.
The orc barely misses you.
The orc misses your +0 spectral club.
The orc hits you with a +0 war axe!
* * * LOW HITPOINT WARNING * * *
The orc misses your +0 spectral club.
Okay, then.
The orc hits you but does no damage.
You hit the orc.
The orc is moderately wounded.
Your +0 spectral club hits the orc.
The orc misses your +0 spectral club.
The orc barely misses your +0 spectral club.
You hit the orc but do no damage.
The orc is severely wounded.
Your +0 spectral club hits the orc.
You kill the orc!
The orc misses your +0 spectral club.
The orc hits your +0 spectral club but does no damage. x2
You closely miss the orc.
The orc is lightly wounded.
Your +0 spectral club hits the orc.
The orc hits you but does no damage.
The orc closely misses your +0 spectral club.
The orc closely misses you.
You hit the orc but do no damage.
The orc is moderately wounded.
Your +0 spectral club hits the orc.
The orc hits you but does no damage.
The orc barely misses your +0 spectral club.
The orc misses you.
You hit the orc.
You kill the orc!
The orc hits you with a +0 war axe.
* * * LOW HITPOINT WARNING * * *
The orc hits you with a +0 war axe.
You die...

.............###.....)..#.
...............).....†..#.
.............###........#.
####.........# #........#.
#.........# #........#.
#.........###........#.
#..........##........#
######.....##........#
#@o..)##.......?# #..)..#
#.....# #.....# #.....#
#.....# #######


You could see an orc.

Vanquished Creatures
  Jessica (D:2)
  An adder (D:3)
  A worm (D:2)
  2 dart slugs (D:1)
  2 orcs (D:3)
  4 ball pythons
  5 endoplasms
  A giant cockroach (D:2)
  8 goblins
  A hobgoblin (D:1)
  A quokka (D:1)
  9 bats
  4 frilled lizards
  4 kobolds
  4 rats
48 creatures vanquished.

Notes
Turn   | Place    | Note
-------+----------+-------------------------------------------
     0 | D:1      | BlueGoblin the Human Monk began the quest for the Orb.
     0 | D:1      | Reached XP level 1. HP: 18/18 MP: 1/1
   438 | D:1      | Reached XP level 2. HP: 20/24 MP: 2/2
  1189 | D:1      | Reached skill level 4 in Dodging
  1189 | D:1      | Reached XP level 3. HP: 29/29 MP: 3/3
  1606 | D:2      | Noticed Jessica
  1607 | D:2      | Found a sparkling altar of Nemelex Xobeh.
  1610 | D:2      | Killed Jessica
  1611 | D:2      | Reached XP level 4. HP: 34/35 MP: 4/4
  2766 | D:3      | Reached skill level 5 in Dodging
  2920 | D:3      | HP: 1/35 [orc (4)]
  2922 | D:3      | Slain by an orc

Illustrated notes

Levels and vault maps discovered:
D:1:      elethiomel_arrival_infinity_welcomes_careful_drivers, layout_basic
D:2:      layout_basic, basic_altar, uniq_jessica
D:3:      layout_basic, chequers_mini_garden

Skill      XL: |  1  2  3  4 |
---------------+-------------+-----
Dodging        | 4 5 |  5.1
Fighting       | |  3.0
Long Blades    | |  3.0
Armour         | |  0.7
Stealth        | |  2.0

Action                   |  1- 3 |  4- 6 || total
-------------------------+-------+-------++-------
Melee: Falchion          |    68 |    71 ||   139
       Club              |       |    31 ||    31
  Use: Scroll            |     6 |     1 ||     7
 Stab: Sleeping          |     2 |       ||     2
Armor: Robe              |    16 |       ||    16
       Chain mail        |     1 |    68 ||    69
Dodge: Dodged            |    60 |    67 ||   127

Table legend: (Time is in decaauts)
 A = Elapsed time spent in this place.
 B = Non-inter-level travel time spent in this place.
 C = Inter-level travel time spent in this place.
 D = Time resting spent in this place.
 E = Time spent auto-exploring this place.
 F = Levels seen in this place.
 G = Mean time per level.
                   A        B        C        D        E       F      G
               +--------+--------+--------+--------+--------+-----+--------+
         Total |   2951 |   2793 |    158 |    134 |   2173 |   3 |  983.7 |
       Dungeon |   2951 |   2793 |    158 |    134 |   2173 |   3 |  983.7 |
               +--------+--------+--------+--------+--------+-----+--------+

Top non-repeatable levels by time:
     D:1: 1557 daAuts
     D:2: 1129 daAuts
     D:3: 264 daAuts
